 Dungeon Crawl Stone Soup version 0.28.0 (webtiles) character file.

Game seed: 15690519682401814731

469 Akaron the Covert (level 7, -14/45 HPs)
             Began as an Octopode Brigand on Feb 13, 2022.
             Demolished by a two-headed ogre (27 damage)
             ... on level 5 of the Dungeon.
             The game lasted 00:10:02 (4976 turns).

Akaron the Covert (Octopode Brigand)                Turns: 4976, Time: 00:10:03

Health: -14/45     AC:  3    Str: 10    XL:     7   Next: 9%
Magic:  7/7        EV: 13    Int: 14    God:
Gold:   186        SH:  0    Dex: 15    Spells: 6/6 levels left

rFire   . . .      SeeInvis .   a - +2 dagger
rCold   . . .      Faith    .   (no shield)
rNeg    . . .      Spirit   .   k - +2 hat
rPois   .          Reflect  .   (no amulet)
rElec   .          Harm     .   (no ring)
rCorr   .          Rampage  .   (no ring)
Will    .....                   (no ring)
Stlth   +++++.....              (no ring)
HPRegen 0.15/turn               (no ring)
MPRegen 0.10/turn               (no ring)
                                (no ring)
                                (no ring)

@: no status effects
A: almost no armour, amphibious, 8 rings, camouflage 1, gelatinous body 1,
(nimble swimmer 1), tentacles
a: no special abilities


You were on level 5 of the Dungeon.
You visited 1 branch of the dungeon, and saw 5 of its levels.

You collected 186 gold pieces.

Inventory:

Hand Weapons
 a - a +2 dagger (weapon)
Missiles
 b - 7 poisoned darts (quivered)
 c - 2 curare-tipped darts
 u - 3 atropa-tipped darts
Armour
 k - a +2 hat (worn)
Jewellery
 t - a ring of ice
Scrolls
 g - 2 scrolls of identify
 h - 2 scrolls of fear
 i - a scroll of torment {unknown}
 m - a scroll of blinking {unknown}
 p - 2 scrolls of holy word {unknown}
 s - a scroll of teleportation {unknown}
Potions
 d - a potion of curing {unknown}
 e - a potion of resistance {unknown}
 f - 3 potions of attraction {unknown}
 j - a potion of heal wounds {unknown}
 l - a potion of haste {unknown}
 n - a potion of ambrosia {unknown}
 o - a potion of invisibility {unknown}
 q - a potion of flight {unknown}
 r - a potion of brilliance {unknown}


   Skills:
 + Level 2.9 Fighting
 + Level 3.6 Short Blades
 + Level 2.5 Throwing
 + Level 1.8 Dodging
 + Level 9.5 Stealth


You had 6 spell levels left.
You didn't know any spells.
Your spell library contained the following spells:

 Spells                   Type           Power      Damage    Failure   Level
 Magic Dart               Conj           0%         1d3       28%         1
 Call Imp                 Summ           0%         N/A       41%         2
 Corpse Rot               Necr/Air       0%         N/A       41%         2
 Poisonous Vapours        Pois/Air       0%         N/A       41%         2
 Scorch                   Fire           0%         2d5       41%         2
 Gell's Gravitas          Tloc           0%         N/A       65%         3
 Lesser Beckoning         Tloc           0%         N/A       65%         3
 Mephitic Cloud           Conj/Pois/Air  0%         N/A       65%         3
 Teleport Other           Tloc           0%         N/A       65%         3
 Flame Wave               Conj/Fire      0%         2d4       96%         4
 Summon Cactus Giant      Summ           0%         N/A       100%        6


Dungeon Overview and Level Annotations

Branches:
Dungeon (5/15)
 Temple: D:4-7

Altars:

Shops:
D:1 (=[


Innate Abilities, Weirdness & Mutations

You cannot wear most types of armour.
You are amphibious.
You can wear up to eight rings at the same time.
Your skin changes colour to match your surroundings (Stealth+).
Your rubbery body absorbs attacks. (AC +1, EV +1)
((You are camouflaged when in or above water. (Stealth+)))
You have tentacles for arms and can constrict up to eight enemies at once.


Message History

Throw: 12 darts (poison)
Press: ? - help, Q - select action, (/) - cycle Shift-Dir - straight line, f/p - two-headed ogre
Aim: a two-headed ogre, wielding two +0 giant clubs (lightly wounded, very poisoned, 75% to hit)
You throw a poisoned dart.
The poisoned dart hits the two-headed ogre.
The two-headed ogre looks as sick as possible!
The two-headed ogre is lightly wounded.
Throw: 11 darts (poison)
Press: ? - help, Q - select action, (/) - cycle Shift-Dir - straight line, f/p - two-headed ogre
Aim: a two-headed ogre, wielding two +0 giant clubs (lightly wounded, extremely poisoned, 75% to hit)
You throw a poisoned dart.
The poisoned dart hits the two-headed ogre.
The two-headed ogre looks as sick as possible!
The two-headed ogre is lightly wounded.
Throw: 10 darts (poison)
Press: ? - help, Q - select action, (/) - cycle Shift-Dir - straight line, f/p - two-headed ogre
Aim: a two-headed ogre, wielding two +0 giant clubs (lightly wounded, extremely poisoned, 75% to hit)
You throw a poisoned dart.
The poisoned dart hits the two-headed ogre.
The two-headed ogre looks as sick as possible!
The two-headed ogre is lightly wounded.
Throw: 9 darts (poison)
Press: ? - help, Q - select action, (/) - cycle Shift-Dir - straight line, f/p - two-headed ogre
Aim: a two-headed ogre, wielding two +0 giant clubs (lightly wounded, extremely poisoned, 75% to hit)
You throw a poisoned dart.
The poisoned dart barely misses the two-headed ogre.
You see here a hound corpse.
Throw: 8 darts (poison)
Press: ? - help, Q - select action, (/) - cycle Shift-Dir - straight line, f/p - two-headed ogre
Aim: a two-headed ogre, wielding two +0 giant clubs (severely wounded, poisoned, 75% to hit)
You throw a poisoned dart.
The poisoned dart hits the two-headed ogre.
The two-headed ogre looks even sicker.
The two-headed ogre is severely wounded.
The two-headed ogre hits you with a +0 giant club!!
Ouch! That really hurt!
* * * LOW HITPOINT WARNING * * *
The two-headed ogre hits you with a +0 giant club!!
Ouch! That really hurt!
You die...

#.# #.# #.#
#.# #.#
########.#
########
#...>....#
#..†...(
##.#######
#.###### #@#
#.# #O# #.#
#(# #.# #.#
#.# #.# #.#
#.# #.# #.#
#.#
#.#########.#
#...........#


You could see a two-headed ogre (very poisoned).

Vanquished Creatures
  A bullfrog (D:5)
  3 hounds
  A centaur skeleton (D:4)
  An orc priest (D:3)
  Terence (D:2)
  2 orc wizards
  Robin (D:2)
  2 gnolls (D:1)
  4 adders
  A shadow imp (D:5)
  An ufetubus (D:5)
  3 adder skeletons (D:4)
  7 orcs
  4 endoplasms
  7 giant cockroaches
  13 goblins
  6 hobgoblins
  7 jackals
  6 kobolds
  5 quokkas
  9 ball pythons
  6 bats
  A frilled lizard (D:3)
  3 rats
  A spectral goblin (D:1)
96 creatures vanquished.

Notes
Turn   | Place    | Note
-------+----------+-------------------------------------------
     0 | D:1      | Akaron the Octopode Brigand began the quest for the Orb.
     0 | D:1      | Reached XP level 1. HP: 14/14 MP: 1/1
    63 | D:1      | Reached XP level 2. HP: 18/19 MP: 2/2
   108 | D:1      | Found Icytycs's Jewellery Shop.
   353 | D:1      | Found a faded altar of an unknown god.
   445 | D:1      | Found Ifuskil's Weapon Shop.
   460 | D:1      | Reached skill level 6 in Stealth
   472 | D:1      | Reached XP level 3. HP: 24/24 MP: 3/3
   649 | D:1      | Found Pepageba's Antique Armour Emporium.
   986 | D:1      | Reached skill level 7 in Stealth
  1187 | D:2      | Noticed Robin
  1213 | D:2      | Reached XP level 4. HP: 20/29 MP: 4/4
  1708 | D:2      | Killed Robin
  1773 | D:2      | Noticed Terence
  1788 | D:2      | Killed Terence
  1904 | D:2      | Reached XP level 5. HP: 32/35 MP: 5/5
  2497 | D:3      | Reached skill level 8 in Stealth
  3092 | D:4      | Noticed an ogre
  3117 | D:4      | Reached XP level 6. HP: 26/41 MP: 6/6
  4356 | D:5      | Entered Level 5 of the Dungeon
  4372 | D:5      | Reached skill level 9 in Stealth
  4635 | D:5      | Reached XP level 7. HP: 9/45 MP: 7/7
  4940 | D:5      | Noticed a two-headed ogre
  4976 | D:5      | Demolished by a two-headed ogre

Illustrated notes

Levels and vault maps discovered:
D:1:      shiori_shiawase, layout_loops_cross, serial_shops, nicolae_shop_trees,
          shop, nicolae_shop_overgrown_old_shop,
          dreamdust_ecumenical_altar_drowned_temple, patterned_corridor
D:2:      layout_basic, uniq_terence, uniq_robin
D:3:      layout_rooms
D:4:      layout_cave_pods, supply_closet_lemuel
D:5:      wander_river, layout_basic, minmay_misc_feat_rugged,
          corexii_leaking_fountain

Skill      XL: |  1  2  3  4  5  6 |
---------------+-------------------+-----
Stealth        | 6 7 8 9 |  9.5
Short Blades   | 3 |  3.6
Fighting       | |  2.9
Throwing       | |  2.5
Dodging        | |  1.8

Action                   |  1- 3 |  4- 6 |  7- 9 || total
-------------------------+-------+-------+-------++-------
Melee: Dagger            |    61 |   134 |     1 ||   196
       Constrict         |    14 |    27 |       ||    41
       Tentacles         |     6 |    21 |       ||    27
       Punch             |       |     8 |       ||     8
Throw: Dart              |       |    16 |     8 ||    24
  Use: Scroll            |       |       |     1 ||     1
 Stab: Sleeping          |    15 |    17 |     1 ||    33
Armor: Skin              |     3 |    10 |       ||    13
Dodge: Dodged            |    27 |    56 |       ||    83
